 Dungeon Crawl Stone Soup version 0.28.0-55-gcd9437bce4 (webtiles) character file.

Game seed: 664168610567500036

112 Sharky the Magician (level 4, 0/24 HPs)
             Began as a Deep Elf Hedge Wizard on May 24, 2022.
             Slain by Terence
             ... wielding a +0 mace
              (10 damage)
             ... on level 2 of the Dungeon on Dec 23, 2022.
             The game lasted 00:12:24 (3561 turns).

Sharky the Magician (Deep Elf Hedge Wizard)         Turns: 3561, Time: 00:12:27

Health: 0/24       AC:  2    Str:  7    XL:     4   Next: 63%
Magic:  5/14       EV: 12    Int: 21    God:
Gold:   126        SH:  0    Dex: 14    Spells: 4/15 levels left

rFire   . . .      SeeInvis .   g - +0 dagger
rCold   . . .      Faith    .   (no shield)
rNeg    . . .      Spirit   .   b - +0 robe
rPois   .          Reflect  .   c - +0 hat
rElec   .          Harm     .   (no cloak)
rCorr   .          Rampage  .   (no gloves)
Will    .....                   (no boots)
Stlth   ++........              (no amulet)
HPRegen 0.08/turn               (no ring)
MPRegen 0.14/turn               (no ring)

@: no status effects
A: no striking features
a: no special abilities


You were on level 2 of the Dungeon.
You visited 1 branch of the dungeon, and saw 3 of its levels.

You collected 126 gold pieces.

Inventory:

Hand Weapons
 a - a +0 dagger
 g - a +0 dagger (weapon)
Armour
 b - a +0 robe (worn)
 c - a +0 hat (worn)
Jewellery
 j - a ring of willpower
Scrolls
 d - a scroll of identify {unknown}
 e - a scroll of torment {unknown}
 i - a scroll of magic mapping {unknown}
 l - a scroll of fog {unknown}
 m - a scroll of enchant armour {unknown}
Potions
 f - 2 potions of degeneration {unknown}
 h - a potion of mutation {unknown}
 k - a potion of brilliance {unknown}
 n - 2 potions of berserk rage {unknown}
 o - a potion of curing {unknown}


   Skills:
 + Level 0.1 Fighting
 + Level 2.7 Dodging
 + Level 3.1 Stealth
 + Level 6.1 Spellcasting
 + Level 2.7 Conjurations
 + Level 1.1 Summonings
 + Level 1.1 Translocations


You had 4 spell levels left.
You knew the following spells:

 Your Spells              Type           Power      Damage    Failure   Level
a - Magic Dart            Conj           72%        1d6       3%          1
b - Blink                 Tloc           22%        N/A       10%         2
c - Conjure Flame         Conj/Fire      12%        6-21      16%         3
d - Mephitic Cloud        Conj/Pois/Air  10%        N/A       21%         3
e - Call Imp              Summ           11%        N/A       10%         2

Your spell library contained the following spells:

 Spells                   Type           Power      Damage    Failure   Level
 Static Discharge         Conj/Air       12%        N/A       9%          2
 Slow                     Hex            24%        N/A       10%         1
 Lightning Bolt           Conj/Air       6%         1d18      83%         5
 Borgnjor's Revivificati  Necr           3%         N/A       100%        8
 Maxwell's Capacitive Co  Air            3%         ∞         100%        8
 Necromutation            Tmut/Necr      3%         N/A       100%        8
 Death's Door             Necr           3%         N/A       100%        9


Dungeon Overview and Level Annotations

Branches:
Dungeon (3/15)

Altars:
Yredelemnul

Annotations:
D:2 Terence
D:3 2 runed translucent doors


Message History

Terence closely misses you.
The magic dart hits Terence but does no damage.
Terence is lightly wounded.
Terence hits you with a +0 mace.
The magic dart hits Terence but does no damage.
Terence is lightly wounded.
Terence hits you with a +0 mace!
You are too injured to fight recklessly!
You are too injured to fight recklessly!
You are too injured to fight recklessly!
You are too injured to fight recklessly!
You are too injured to fight recklessly!
Unknown command.
You are too injured to fight recklessly!
You are too injured to fight recklessly!
Terence screams, "I want your blood!"
You are too injured to fight recklessly!
You are too injured to fight recklessly!
Unknown command.
There is a stone staircase leading up here.
Terence hits you with a +0 mace.
You climb upwards.
There is a stone staircase leading down here.
Casting: Magic Dart (safe; 3% risk of failure)
Confirm with . or Enter, or press ? or * to list all spells.
Aiming: Magic Dart (safe; 3% risk of failure)
Press: ? - help, Shift-Dir - straight line, f - Terence
Aim: Terence, wielding a +0 mace and wearing a +0 scale mail (lightly wounded, 100% to hit)
The magic dart hits Terence.
Terence is lightly wounded.
Terence barely misses you.
Casting: Magic Dart (safe; 3% risk of failure)
Confirm with . or Enter, or press ? or * to list all spells.
Aiming: Magic Dart (safe; 3% risk of failure)
Press: ? - help, Shift-Dir - straight line, f/p - Terence
Aim: Terence, wielding a +0 mace and wearing a +0 scale mail (lightly wounded, 100% to hit)
The magic dart hits Terence.
Terence is heavily wounded.
Terence hits you with a +0 mace!
You die...

########### #.........######
#..............##
#...@...........####
#..@......<...#....#
#.............####..
#######.>...........# ### ###
##.....#.............###### ..##
##...................>#.....
...###.......................####
.................................
.....#............##.#)####...|.#
..................#..#.#.........


You could see Terence.

Vanquished Creatures
  Jessica (D:2)
  2 adders (D:3)
  A worm (D:2)
  2 dart slugs
  4 orcs (D:3)
  4 ball pythons
  8 bats
  4 endoplasms (D:1)
  3 giant cockroaches
  7 goblins
  4 hobgoblins (D:1)
  3 kobolds (D:1)
  2 quokkas
  3 frilled lizards
  6 rats
54 creatures vanquished.

Vanquished Creatures (others)
  13 plants (D:3)
13 creatures vanquished.

Grand Total: 67 creatures vanquished

Notes
Turn   | Place    | Note
-------+----------+-------------------------------------------
     0 | D:1      | Sharky the Deep Elf Hedge Wizard began the quest for the
                  | Orb.
     0 | D:1      | Reached XP level 1. HP: 10/10 MP: 7/7
   297 | D:1      | Reached XP level 2. HP: 15/15 MP: 4/9
   348 | D:1      | Reached skill level 5 in Spellcasting
  1769 | D:1      | Reached XP level 3. HP: 18/19 MP: 8/12
  1773 | D:1      | Learned a level 2 spell: Blink
  1777 | D:1      | Learned a level 3 spell: Conjure Flame
  1781 | D:1      | Learned a level 3 spell: Mephitic Cloud
  1784 | D:1      | Learned a level 2 spell: Call Imp
  1975 | D:1      | Upgraded the game from 0.28.0-53-g5a82cb258f to
                  | 0.28.0-55-gcd9437bce4
  1987 | D:1      | Found a faded altar of an unknown god.
  2359 | D:2      | Noticed Jessica
  2368 | D:2      | Killed Jessica
  2369 | D:2      | Reached XP level 4. HP: 24/24 MP: 6/13
  2403 | D:2      | Reached skill level 6 in Spellcasting
  2546 | D:2      | Found a basalt altar of Yredelemnul.
  3019 | D:3      | Found a large runed translucent door.
  3023 | D:3      | Found a large runed translucent door.
  3533 | D:3      | Noticed Terence
  3561 | D:2      | Slain by Terence

Illustrated notes

Levels and vault maps discovered:
D:1:      dpeg_arrival_subterranean_lakeside_camping, layout_basic,
          hellmonk_ecumenical_altar_pennies_from_heaven
D:2:      layout_rooms, basic_altar, uniq_jessica
D:3:      kennysheep_goblin_castle, layout_loops_ring, jmf_multi_god_temple2,
          hex_tiny, mrwooster_statue_mirror, nrook_mini_vaults,
          serial_bayou_lagoon_b, uniq_terence

Skill      XL: |  1  2  3  4 |
---------------+-------------+-----
Spellcasting   | 5 6 |  6.1
Stealth        | 3 |  3.1
Conjurations   | 2 |  2.7
Fighting       | |  0.1
Dodging        | |  2.7
Summonings     | |  1.1
Translocations | |  1.1

Action                   |  1- 3 |  4- 6 || total
-------------------------+-------+-------++-------
Melee: Dagger            |     5 |       ||     5
 Cast: Magic Dart        |   100 |    49 ||   149
Armor: Robe              |     5 |       ||     5
Dodge: Dodged            |    21 |     8 ||    29
